 Dungeon Crawl Stone Soup version 0.31-a0-237-g2d982f9f85 (webtiles) character file.

Game seed: 1808450487676053719

65 qw the Shooter (level 3, -6/29 HPs)
             Began as a Minotaur Hexslinger on July 11, 2023.
             Killed from afar by Sigmund (8 damage)
             ... with a puff of flame
             ... on level 2 of the Dungeon.
             The game lasted 00:00:31 (1481 turns).

qw the Shooter (Minotaur Hexslinger)                Turns: 1481, Time: 00:00:32

Health: -6/29      AC:  5    Str: 12    XL:     3   Next: 94%
Magic:  3/3        EV: 11    Int: 10    God:
Gold:   2          SH:  0    Dex: 14    Spells: 3/4 levels left

rFire   . . .        Y - +1 sling
rCold   . . .        (no shield)
rNeg    . . .        f - +0 ring mail
rPois   .            (helmet restricted)
rElec   .            (no cloak)
rCorr   .            (no gloves)
SInv    .            (no boots)
Will    .....        (no amulet) Stlth
                     (no ring)
HPRegen 0.24/turn    (no ring)
MPRegen 0.08/turn

%: no passive effects
@: confused
A: horns 2, retaliatory headbutt
a: no special abilities


You were on level 2 of the Dungeon.
You visited 1 branch of the dungeon, and saw 2 of its levels.

You collected 90 gold pieces.
You spent 88 gold pieces at shops.


Innate Abilities, Weirdness & Mutations

You have a pair of horns on your head.
You reflexively headbutt those who attack you in melee.


   Skills:
 - Level 2.0 Fighting
 + Level 4.1 Ranged Weapons
 - Level 1.5 Armour
 - Level 2.1 Dodging
 - Level 1.0 Spellcasting
 - Level 2.0 Hexes


You had 3 spell levels left.
You knew the following spells:

 Your Spells              Type           Power      Damage    Failure   Level
a - Slow                  Hex            16%        N/A       32%         1

Your spell library contained the following spells:

 Spells                   Type           Power      Damage    Failure   Level
 Inner Flame              Hex/Fire       2%         N/A       83%         3
 Portal Projectile        Hex/Tloc       4%         N/A       83%         3
 Cause Fear               Hex            2%         N/A       97%         4

Inventory:

Hand Weapons
 Y - a +1 sling (weapon)
Armour
 f - a +0 ring mail (worn)
Scrolls
 a - a scroll of fear {unknown}
 b - a scroll of noise {unknown}
 c - a scroll of vulnerability {unknown}
 e - 4 scrolls of identify
Potions
 d - a potion of heal wounds {unknown}
 g - a potion of lignification {unknown}
 h - a potion of curing {unknown}
 i - a potion of enlightenment {unknown}

Dungeon Overview and Level Annotations

Branches:
Dungeon (2/15)

Altars:

Shops:
D:2 ?

Annotations:
D:2 Sigmund


Message History

Sigmund drinks a potion.
Sigmund's spells are empowered!
You shoot a sling bullet. The sling bullet hits Sigmund.
Sigmund is lightly wounded.
You shoot a sling bullet.
The sling bullet closely misses Sigmund.
Sigmund casts a spell.
Sigmund flickers and vanishes!
Deactivating autopickup; reactivate with Ctrl-A.
A puff of flame appears from out of thin air!
The puff of flame hits you!
You shoot a sling bullet. You shoot a sling bullet.
You hear some strange, mumbled words.
Something tries to affect you, but you resist.
You shoot a sling bullet. Something hits you.
You shoot a sling bullet.
You hear some strange, mumbled words.
You are confused.
You shoot a sling bullet.
You hear some strange, mumbled words.
You are more confused.
Something hits you.
You shoot a sling bullet. Something hits you.
You shoot a sling bullet. You shoot a sling bullet.
Something hits you but does no damage.
You shoot a sling bullet.
You hear some strange, mumbled words.
Something tries to affect you, but you resist.
Something hits you!
You shoot a sling bullet. You shoot a sling bullet.
A magic dart appears from out of thin air!
The magic dart hits you.
You hear some strange, mumbled words.
A puff of flame appears from out of thin air!
The puff of flame hits you!
You die...

##### ## ## #
# . .# .# #
.#.##.# #
......# #
#....#### #
####.?{.....
. ..##..).# #
#.##@##
#.##..#
####.##..#
#....##..#
#.###....####
#.# #...\...#
#.# ####....#
#.# ##..###
#(# #...#


There were no monsters in sight!

Vanquished Creatures
  Robin (D:2)
  An adder (D:2)
  A ball python (D:1)
  3 endoplasms
  A giant cockroach (D:2)
  12 goblins
  6 hobgoblins
  4 jackals (D:1)
  A quokka (D:2)
  A bat (D:1)
  3 frilled lizards
  3 kobolds
  5 rats
42 creatures vanquished.

Notes
Turn   | Place    | Note
-------+----------+-------------------------------------------
     0 | D:1      | qw the Minotaur Hexslinger began the quest for the Orb.
     0 | D:1      | Reached XP level 1. HP: 16/16 MP: 1/1
     0 | D:1      | 0 ||| qw: Version: 0.3-a-52-g30416fa
     0 | D:1      | 0 ||| qw: Game counter: 5423
     0 | D:1      | 0 ||| qw: Melee chars always use a shield: true
     0 | D:1      | 0 ||| qw: God list: Okawaru
     0 | D:1      | 0 ||| qw: Allow faded altars: false
     0 | D:1      | 0 ||| qw: Do Orc after clearing Dungeon:15 true
     0 | D:1      | 0 ||| qw: Do second Lair branch before Depths: true
     0 | D:1      | 0 ||| qw: Lair rune preference: random
     0 | D:1      | 0 ||| qw: Goals: Normal
     0 | D:1      | 0 ||| PLANNING D:1-11
   373 | D:1      | Reached skill level 3 in Ranged Weapons
   373 | D:1      | Reached XP level 2. HP: 23/23 MP: 2/2
  1038 | D:1      | 1038 ||| UPGRADING to +0 leather armour.
  1048 | D:1      | 1048 ||| DROPPING +0 robe.
  1049 | D:1      | 1049 ||| UPGRADING to +0 ring mail.
  1059 | D:1      | 1059 ||| DROPPING +0 leather armour.
  1060 | D:1      | 1060 ||| READING scroll labelled ITOAQE QEIRYIL.
  1061 | D:1      | 1061 ||| READING scroll labelled ABANUO BYIT.
  1062 | D:1      | 1062 ||| DROPPING scroll of poison.
  1212 | D:2      | Reached XP level 3. HP: 29/29 MP: 3/3
  1259 | D:2      | Noticed Robin
  1262 | D:2      | Killed Robin
  1263 | D:2      | Reached skill level 4 in Ranged Weapons
  1275 | D:2      | 1275 ||| FLEEEEING.
  1357 | D:2      | Reached skill level 1 in Armour
  1444 | D:2      | Found Husoumiak's Magic Scroll Shop.
  1452 | D:2      | 1452 ||| BUYING 2 scrolls of identify (44 gold).
  1452 | D:2      | Bought 2 scrolls of identify for 44 gold pieces
  1452 | D:2      | 1452 ||| SHOPLISTING scroll of enchant armour (82 gold,
                  | have 46).
  1452 | D:2      | 1452 ||| BUYING scroll of identify (22 gold).
  1452 | D:2      | Bought a scroll of identify for 22 gold pieces
  1452 | D:2      | 1452 ||| BUYING scroll of identify (22 gold).
  1452 | D:2      | Bought a scroll of identify for 22 gold pieces
  1452 | D:2      | 1452 ||| SHOPLISTING scroll of teleportation (33 gold, have
                  | 2).
  1466 | D:2      | Noticed Sigmund
  1479 | D:2      | HP: 6/29 [something (10)]
  1481 | D:2      | HP: 2/29 [something/magic dart (4)]
  1481 | D:2      | Killed from afar by Sigmund

Levels and vault maps discovered:
D:1:      saegor_arrival_under_anarchy, layout_basic, serial_bayou_crossing
D:2:      layout_loops_ring, serial_shops, nicolae_square_shop, uniq_robin,
          uniq_sigmund

Skill      XL: |  1  2  3 |
---------------+----------+-----
Ranged Weapons | 3 4 |  4.1
Fighting       | 2 |  2.0
Armour         | 1 |  1.5
Dodging        | |  2.1
Spellcasting   | |  1.0
Hexes          | |  2.0

Action                     || total
---------------------------++-------
   Fire: Sling             ||   127
    Use: Scroll            ||     2
 Armour: Ring mail         ||    16
         Robe              ||     1
  Dodge: Dodged            ||    25

Table legend:
 A = Non-vault XP
 B = Vault XP
 C = Vault XP percentage of total XP
 D = Non-vault monster count
 E = Vault monster count
 F = Vault count percentage of total count
                 A         B        C        D         E       F
            +---------+---------+-------+---------+---------+-------
      Total |      59 |      35 |  37.2 |      30 |      12 |  28.6
            +---------+---------+-------+---------+---------+-------
        D:1 |      31 |       0 |   0.0 |      19 |       0 |   0.0
        D:2 |      28 |      35 |  55.6 |      11 |      12 |  52.2
            +---------+---------+-------+---------+---------+-------
